Match 47523343
Unlisted

Match 47523343
End
Kradschützen Motorcycle Team
Selects Battlefield Espionage Battlegroup
Panzerpioneer Squad
Panzerpioneer Squad
Panzerpioneer Squad
250 Light Carrier
Construct Light Support Kompanie
Selects Intel Disruption Beacon
Selects 250/3 Funkpanzerwagen
Fire Support Elements
Assault Mechanized Group
Selects Anti-Tank Incendiary Munitions
Pak 38 Anti-tank Gun Team
Flakvierling Half-track
2.5-tonne Medical Truck
Vehicle Survival Package
Pak 38 Anti-tank Gun Team
Construct Panzerarmee Kommand
Selects Plunder
Flakvierling Half-track
Walking Stuka Rocket Launcher
Selects Firestorm
Emergency Repair Kits
Rapid Advance
Forward Retreat Point
Panzer III L Medium Tank
Selects Operation Skorpion
Tungsten Core Ammunition
Firestorm
Panzer III L Medium Tank
Pak 38 Mechanized Group
Firestorm
Panzer III L Medium Tank
Firestorm
Panzer III L Medium Tank
Flak 36 Anti-tank Gun Team
Firestorm
紫苏子
mentoss
白象火鸡面真好吃
飞行的猫先森
Elegant_Downfall
Patton
KT6790
downward horrendous
0
0

Comments sign in to comment!

No comments posted yet!